 Dungeon Crawl Stone Soup version 0.28-a0-1143-gcf6077d4cc (webtiles) character file.

Game seed: 5719882560885981656

52 tilp the Chiller (level 3, 14/14 HPs)
             Began as a Felid Ice Elementalist on Dec 13, 2021.
             Quit the game on level 3 of the Dungeon.
             The game lasted 00:04:15 (2820 turns).

tilp the Chiller (Felid Ice Elementalist)           Turns: 2820, Time: 00:04:16

Health: 14/14      AC:  1    Str:  4    XL:     3   Next: 60%
Magic:  8/8        EV: 17    Int: 18    God:
Gold:   52         SH:  0    Dex: 16    Spells: 3/7 levels left
                                        Lives:  0   Deaths: 1

rFire   . . .      SeeInvis +     - Unarmed
rCold   . . .      Faith    .   (shield unavailable)
rNeg    . . .      Spirit   .   (armour unavailable)
rPois   .          Reflect  .   (helmet unavailable)
rElec   .          Harm     .   (cloak unavailable)
rCorr   .          Rampage  .   (gloves unavailable)
Will    .....                   (boots unavailable)
Stlth   ++........              (no amulet)
HPRegen 0.04/turn               (no ring)
MPRegen 0.11/turn               (no ring)

@: quick
A: very small, claws 1, fangs 3, see invisible, speed 1, shaggy fur 1, stealthy
paws, no weapons or thrown items, no armour, multi-lived
a: no special abilities


You were on level 3 of the Dungeon.
You visited 1 branch of the dungeon, and saw 3 of its levels.

You collected 52 gold pieces.

Inventory:

Scrolls
 b - a scroll of teleportation
 d - 3 scrolls of identify
 e - a scroll of blinking
Potions
 a - a potion of haste
 c - a potion of curing {unknown}
 f - a potion of mutation {unknown}


   Skills:
 - Level 2.6 Dodging
 - Level 2.6 Stealth
 - Level 2.0 Unarmed Combat
 + Level 2.8 Spellcasting
 * Level 4.6 Ice Magic


You had 3 spell levels left.
You knew the following spells:

 Your Spells              Type           Power      Damage    Failure   Level
a - Freeze                Ice            76%        1d9       2%          1
b - Frozen Ramparts       Ice            38%        1d5       8%          3

Your spell library contained the following spells:

 Spells                   Type           Power      Damage    Failure   Level
 Ozocubu's Armour         Ice            19%        N/A       8%          3
 Summon Guardian Golem    Hex/Summ       2%         N/A       45%         3
 Hailstorm                Conj/Ice       10%        3d5       54%         4
 Orb of Destruction       Conj           1%         N/A       100%        7
 Spellforged Servitor     Conj/Summ      1%         N/A       100%        7
 Borgnjor's Revivificati  Necr           1%         N/A       100%        8
 Necromutation            Tmut/Necr      1%         N/A       100%        8
 Death's Door             Necr           1%         N/A       100%        9


Dungeon Overview and Level Annotations

Branches:
Dungeon (3/15)

Altars:

Annotations:
D:3 Ijyb, Sigmund


Innate Abilities, Weirdness & Mutations

You have sharp claws.
You have razor-sharp teeth.
You have supernaturally acute eyesight. (SInv)
You cover ground quickly. (Speed+)
You are covered in fur. (AC +1)
Your paws help you pounce on unaware monsters.
You are incapable of wielding weapons or throwing items.
You cannot wear armour.
You gain extra lives every three experience levels.


Message History

You pounce on the unaware helpless Ijyb!
You claw Ijyb!
Ijyb is moderately wounded.
Ijyb zaps a wand.
The puff of flame hits you!
Ouch! That really hurt!
Unknown command.
Casting: Freeze (safe; 2% risk of failure)
Confirm with . or Enter, or press ? or * to list all spells.
Aiming: Freeze (safe; 2% risk of failure)
Press: ? - help, Shift-Dir - straight line, f - Ijyb
Aim: Ijyb, wielding a +0 club, wearing a +0 leather armour and carrying a wand of flame (20) (moderately wounded)
You freeze Ijyb!
Ijyb is severely wounded.
Ijyb hits you with a +0 club.
* * * LOW HITPOINT WARNING * * *
Casting: Freeze (safe; 2% risk of failure)
Confirm with . or Enter, or press ? or * to list all spells.
Aiming: Freeze (safe; 2% risk of failure)
Press: ? - help, Shift-Dir - straight line, f/p - Ijyb
Aim: Ijyb, wielding a +0 club, wearing a +0 leather armour and carrying a wand of flame (20) (severely wounded)
You freeze Ijyb.
Ijyb is severely wounded.
Ijyb hits you with a +0 club.
* * * LOW HITPOINT WARNING * * *
Casting: Freeze (safe; 2% risk of failure)
Confirm with . or Enter, or press ? or * to list all spells.
Aiming: Freeze (safe; 2% risk of failure)
Press: ? - help, Shift-Dir - straight line, f/p - Ijyb
Aim: Ijyb, wielding a +0 club, wearing a +0 leather armour and carrying a wand of flame (20) (severely wounded)
You freeze Ijyb.
Ijyb is almost dead.
Ijyb zaps a wand.
The puff of flame hits you!
Ouch! That really hurt!
You die...
You are now level 3!
You rejoin the land of the living...
Unknown command.
Unknown command.
Unknown command.
Are you sure you want to abandon this character and quit the game? (Confirm with "yes".)

###...)#.....# #.#.#.#.#
.....#)#.....# #.#.#.#.#
.....#)#..)..#####.#.#.#.###
##...#.#.........#.#.#.#.#.##
#..###)#...........#.#.#....##
..####.#..........##.#.##....#
.....#.######.....##.#.##....#
.##.##......#........#.......#
. #.#######.#...@...###......#
.##..#.# #.#................#
##..##.# #.#................#
...###.####..........#......##
...........#.........#.....##
.#.........#.......#.#.#####
...........#.......#.#.#
###.....####......>#.#.#
##.......###.......#.#.#


There were no monsters in sight!

Vanquished Creatures
  Robin (D:3)
  4 adders (D:2)
  6 endoplasms
  3 giant cockroaches
  10 goblins
  6 hobgoblins
  2 jackals (D:1)
  4 kobolds
  2 quokkas (D:1)
  4 ball pythons (D:1)
  11 bats
  3 frilled lizards
  4 rats
60 creatures vanquished.

Notes
Turn   | Place    | Note
-------+----------+-------------------------------------------
     0 | D:1      | tilp the Felid Ice Elementalist began the quest for the
                  | Orb.
     0 | D:1      | Reached XP level 1. HP: 7/7 MP: 4/4
    13 | D:1      | Found a faded altar of an unknown god.
    50 | D:1      | Reached skill level 1 in Unarmed Combat
   194 | D:1      | Reached XP level 2. HP: 7/11 MP: 0/6
   956 | D:1      | Reached XP level 3. HP: 14/14 MP: 5/7
   960 | D:1      | Learned a level 3 spell: Frozen Ramparts
  1139 | D:2      | Reached skill level 4 in Ice Magic
  1674 | D:2      | Reached XP level 4. HP: 18/18 MP: 3/8
  2315 | D:3      | Noticed Robin
  2335 | D:3      | Killed Robin
  2679 | D:3      | Noticed Sigmund
  2812 | D:3      | Noticed Ijyb
  2819 | D:3      | Killed from afar by Ijyb
  2820 | D:3      | Reached XP level 3. HP: -8/14 MP: 6/8
  2820 | D:3      | Quit the game

Illustrated notes

Levels and vault maps discovered:
D:1:      mrwooster_arrival_arrow, layout_loops_ring,
          dreamdust_ecumenical_altar_statues
D:2:      layout_basic
D:3:      layout_rooms, serial_shops, shop, serial_co_window_serial,
          co_window_paths_a, co_window_corner_a, co_window_paths_a,
          co_window_corner_a, co_window_of_opportunity_a, co_window_corner_b,
          co_window_2corner, co_window_broadway_b, co_window_corner_b,
          co_window_of_opportunity_b, co_window_paths_e, co_window_paths_d,
          glass_columns_c, glass_columns_b, glass_columns_a, uniq_robin,
          uniq_crazy_yiuf_cottage, uniq_ijyb, uniq_sigmund

Skill      XL: |  1  2  3 |
---------------+----------+-----
Unarmed Combat | 1 2 |  2.0
Ice Magic      | 4 |  4.6
Dodging        | |  2.6
Stealth        | |  2.6
Spellcasting   | |  2.8

Action                   |  1- 3 |  4- 6 || total
-------------------------+-------+-------++-------
Melee: Unarmed           |    25 |     8 ||    33
       Bite              |     1 |       ||     1
 Cast: Freeze            |    39 |    16 ||    55
       Frozen Ramparts   |     3 |     4 ||     7
  Use: Scroll            |     2 |     4 ||     6
 Stab: Sleeping          |     7 |     3 ||    10
Armor: Skin              |     3 |     2 ||     5
Dodge: Dodged            |    48 |     9 ||    57

Table legend: (Time is in decaauts)
 A = Elapsed time spent in this place.
 B = Non-inter-level travel time spent in this place.
 C = Inter-level travel time spent in this place.
 D = Time resting spent in this place.
 E = Time spent auto-exploring this place.
 F = Levels seen in this place.
 G = Mean time per level.
                   A        B        C        D        E       F      G
               +--------+--------+--------+--------+--------+-----+--------+
         Total |   2483 |   2423 |     60 |    525 |   1553 |   3 |  827.7 |
       Dungeon |   2483 |   2423 |     60 |    525 |   1553 |   3 |  827.7 |
               +--------+--------+--------+--------+--------+-----+--------+

Top non-repeatable levels by time:
     D:1: 1007 daAuts
     D:2: 913 daAuts
     D:3: 562 daAuts
